 Dungeon Crawl Stone Soup version 0.31-a0-1628-gdde2bdd (webtiles) character file.

Game seed: 6852480840219221809

4623 PublicAnimeNo1 the Summoner (level 10, -7/69 (71) HPs)
             Began as a Demonspawn Summoner on Jan 12, 2024.
             Was a Believer of Sif Muna.
             Mangled by a sun demon (12 damage)
             ... summoned by an orc sorcerer
             ... in a bailey.
             The game lasted 00:24:18 (7180 turns).

PublicAnimeNo1 the Summoner (Demonspawn Summoner)   Turns: 7180, Time: 00:24:18

HP:   -7/69 (71)    AC:  7    Str:  9    XL:     10   Next: 19%
MP:   2/16          EV: 14    Int: 19    God:    Sif Muna [**....]
Gold: 352           SH:  0    Dex: 14    Spells: 4/17 levels left

rFire   . . .        d - +0 short sword
rCold   . . .        (no shield)
rNeg    . . .        l - +0 leather armour
rPois   .            s - +1 helmet
rElec   .            (cloak unavailable)
rCorr   .            (no gloves)
SInv    .            (no boots)
Will    .....        C - amulet of regeneration
Stlth   ++           g - ring of wizardry
HPRegen 1.11/turn    (no ring)
MPRegen 0.15/turn

%: wizardry (x1)
@: lightly drained
A: slimy green scales 1, powered by death 1, demonic magic 2, weakness stinger 3
a: Renounce Religion, Channel Magic


You were in a bailey.
You worshipped Sif Muna.
Sif Muna was pleased with you.
You visited 2 branches of the dungeon, and saw 8 of its levels.
You also visited: Bailey.

You collected 352 gold pieces.

Inventory:

Hand Weapons
 d - a +0 short sword (weapon)
 o - a +0 quarterstaff
Missiles
 f - 19 poisoned darts
Armour
 a - a +0 robe
 l - a +0 leather armour (worn)
 s - a +1 helmet (worn)
 v - a +0 buckler
 E - a +2 pair of boots
Jewellery
 g - a ring of wizardry (left hand)
 h - a ring of fire
 C - an amulet of regeneration (around neck)
Wands
 c - a wand of charming (1)
 r - a wand of flame (21)
 G - a wand of digging (7)
Scrolls
 b - a scroll of acquirement
 e - a scroll of amnesia
 k - a scroll of poison
 m - a scroll of silence
 p - 2 scrolls of enchant weapon
 q - a scroll of fog
Potions
 i - 2 potions of enlightenment
 t - 2 potions of brilliance
 u - a potion of lignification {unknown}
 F - a potion of berserk rage
 H - a potion of degeneration {unknown}


   Skills:
 - Level 4.0 Fighting
 + Level 6.2 Short Blades
 + Level 6.0 Dodging
 - Level 4.0 Stealth
 - Level 4.0 Spellcasting
 + Level 8.6 Summonings
 - Level 4.0 Fire Magic
 + Level 2.9 Air Magic


You had 4 spell levels left.
You knew the following spells:

 Your Spells              Type           Power      Damage    Failure   Level
a - Summon Blazeheart Go  Fire/Summ      27%        N/A       6%          4
b - Call Imp              Summ           72%        N/A       1%          2
c - Call Canine Familiar  Summ           36%        N/A       1%          3
d - Summon Lightning Spi  Summ/Air       25%        N/A       8%          4

Your spell library contained the following spells:

 Spells                   Type           Power      Damage    Failure   Level
 Summon Small Mammal      Summ           100%       N/A       1%          1


Dungeon Overview and Level Annotations

Branches:
Dungeon (7/15)             Temple (1/1) D:5          Bailey (1/1)

Altars:
Ashenzari
Cheibriados
Dithmenos
Fedhas
Gozag
Hepliaklqana
Kikubaaqudgha
Nemelex Xobeh
Okawaru
Qazlal
Ru
Sif Muna
Vehumet
Wu Jian
Yredelemnul

Annotations:
D:1 exclusion: gnoll


Innate Abilities, Weirdness & Mutations

You are partially covered in slimy green scales. (AC +2)
You regenerate a little health from kills.
Spells you cast may paralyse nearby enemies.
You have a sharp stinger which inflicts weakening toxins.


Message History

You swap places.
Your blazeheart golem punches the orc sorcerer!
The orc sorcerer hits your blazeheart golem but does no damage.
The orc sorcerer hits your blazeheart golem with a +0 war axe!
The orc sorcerer hits your blazeheart golem with a +0 war axe!
Your blazeheart golem punches the orc sorcerer.
The orc sorcerer hits your blazeheart golem but does no damage.
Your blazeheart golem punches the sun demon!!
Your blazeheart golem falls apart, revealing its core!
Your blazeheart core explodes!
The fiery explosion engulfs the sun demon.
The sun demon completely resists.
You hear a shout!
The orc sorcerer points at you and mumbles some strange words.
The bolt of negative energy hits you!
You feel drained. The sun demon barely misses you.
Aiming: Throw Flame
Press: ? - help, Shift-Dir - straight line, f/p - orc sorcerer
Aim: an orc sorcerer, wielding a +0 war axe and wearing a +0 ring mail (severely wounded, 64% to hit)
The puff of flame misses the orc sorcerer.
The orc sorcerer casts a spell at you. You resist with significant effort.
The sun demon hits you!
You are engulfed in flames!
Your magical contamination has completely faded away.
Aiming: Throw Flame
Press: ? - help, Shift-Dir - straight line, f/p - orc sorcerer
Aim: an orc sorcerer, wielding a +0 war axe and wearing a +0 ring mail (steam, severely wounded, 64% to hit)
The puff of flame hits the orc sorcerer but does no damage.
The orc sorcerer is severely wounded.
The sun demon barely misses you.
The orc sorcerer is engulfed in a cloud of scalding steam.
Aiming: Throw Flame
Press: ? - help, Shift-Dir - straight line, f/p - orc sorcerer
Aim: an orc sorcerer, wielding a +0 war axe and wearing a +0 ring mail (almost dead, 64% to hit)
The puff of flame hits the orc sorcerer.
The orc sorcerer is almost dead.
The sun demon hits you!!
* * * LOW HITPOINT WARNING * * *
You are engulfed in flames!
You die...

≈≈≈≈≈≈≈≈≈≈≈≈≈≈≈≈≈≈≈
≈≈≈≈≈≈≈≈≈≈≈≈≈≈≈≈≈≈≈
≈≈≈≈≈≈≈≈≈≈≈≈≈≈≈≈≈≈≈
≈≈≈≈≈≈≈≈≈§≈≈≈≈≈≈≈≈
≈≈≈≈≈≈≈≈≈≈§≈≈≈≈≈≈
##~~~~~~~~~~§###### ≈≈≈≈
..)....∩.....o○.'.# ≈≈≈≈≈
.######.######°.###≈≈≈≈≈≈
.#))g#...#.??#.3@.#≈≈≈≈≈≈
.#)).#...#.??#....#≈≈≈≈≈≈
##'###8.8###'##'#'#≈≈≈≈≈≈
.#. #...# .#.)#.~≈≈≈≈≈≈
.## #8.8# ##.)#.~≈≈≈≈≈≈
.# #...# #..#.~≈≈≈≈≈≈ .#
#..#.~≈≈≈≈≈≈ .#
#).#.~≈≈≈≈≈≈ '#
#)##.~≈≈≈≈≈≈


You could see a sun demon (summoned) and an orc sorcerer.

Vanquished Creatures
  A two-headed ogre (D:6)
  An orc knight (Bailey)
  A water moccasin (D:5)
  8 orc warriors
  A black bear (D:4)
  2 ogres (D:5)
  Blork the orc (D:5)
  A scorpion (D:7)
  5 electric eels (Bailey)
  2 bombardier beetles
  A jelly (D:5)
  2 hounds
  An orc priest (D:7)
  8 iguanas
  A sleepcap (D:5)
  Natasha (twice) (D:2)
  3 orc wizards
  A gnoll (D:1)
  2 adders
  2 white imps (D:6)
  2 ufetubi (D:7)
  2 dart slugs
  9 orcs
  5 endoplasms
  A giant cockroach (D:2)
  12 goblins
  4 hobgoblins
  6 jackals
  4 kobolds
  3 quokkas (D:2)
  4 ball pythons
  4 bats
  4 frilled lizards
  A rat (D:3)
107 creatures vanquished.

Vanquished Creatures (collateral kills)
  A kobold demonologist (Bailey)
  A sky beast (D:7)
  2 black bears
  An ogre (D:5)
  3 orc warriors (Bailey)
  A phantom (D:5)
  A bullfrog (D:7)
  A scorpion (D:5)
  A nameless horror (Bailey)
  An electric eel (Bailey)
  5 bombardier beetles
  A jelly (D:6)
  Natasha (D:2)
  2 orc wizards
  5 gnolls (Bailey)
  2 adders
  3 dart slugs
  8 orcs
  2 ball pythons
  3 endoplasms
  3 hobgoblins
  6 jackals
  2 bats
  5 goblins
  3 kobolds
64 creatures vanquished.

Vanquished Creatures (others)
  A hobgoblin (Bailey)
  9 blazeheart cores
10 creatures vanquished.

Grand Total: 181 creatures vanquished

Notes
Turn   | Place    | Note
-------+----------+-------------------------------------------
     0 | D:1      | PublicAnimeNo1 the Demonspawn Summoner began the quest for
                  | the Orb.
     0 | D:1      | Reached XP level 1. HP: 13/13 MP: 3/3
   457 | D:1      | Gained mutation: You have a small tail. [demonic ancestry]
   457 | D:1      | Reached XP level 2. HP: 20/20 MP: 1/5
   553 | D:1      | Learned a level 2 spell: Call Imp
   629 | D:1      | Reached skill level 1 in Fighting
  1031 | D:1      | Reached XP level 3. HP: 26/26 MP: 3/6
  1038 | D:1      | Learned a level 3 spell: Call Canine Familiar
  1190 | D:2      | Noticed Natasha
  1626 | D:2      | Gained mutation: You have a tail ending in a sharp stinger.
                  | [demonic ancestry]
  1626 | D:2      | Reached XP level 4. HP: 33/33 MP: 5/8
  1688 | D:2      | Killed Natasha
  1752 | D:2      | Noticed Natasha
  1759 | D:2      | Killed Natasha
  1828 | D:2      | Noticed Natasha
  1840 | D:2      | Killed Natasha
  1841 | D:2      | Gained mutation: Spells you cast may paralyse adjacent
                  | enemies. [demonic ancestry]
  1841 | D:2      | Reached XP level 5. HP: 32/38 MP: 4/9
  2109 | D:3      | Reached skill level 5 in Summonings
  2550 | D:3      | Reached skill level 1 in Short Blades
  2935 | D:4      | Gained mutation: Spells you cast may paralyse nearby
                  | enemies. [demonic ancestry]
  2935 | D:4      | Reached XP level 6. HP: 43/44 MP: 7/11
  3736 | D:5      | Entered Level 5 of the Dungeon
  3848 | D:5      | Found a staircase to the Ecumenical Temple.
  3877 | D:5      | Gained mutation: You have a sharp stinger which inflicts
                  | weakening toxins. [demonic ancestry]
  3877 | D:5      | Reached XP level 7. HP: 47/50 MP: 8/13
  3884 | Temple   | Entered the Ecumenical Temple
  3918 | Temple   | Became a worshipper of Sif Muna the Loreminder
  4071 | D:5      | Learned a level 4 spell: Summon Blazeheart Golem
  4076 | D:5      | Learned a level 4 spell: Summon Lightning Spire
  4300 | D:5      | Reached skill level 6 in Summonings
  4508 | D:5      | Noticed Blork the orc
  4516 | D:5      | Killed Blork the orc
  4517 | D:5      | Gained mutation: You regenerate a little health from kills.
                  | [demonic ancestry]
  4517 | D:5      | Reached XP level 8. HP: 58/58 MP: 9/14
  5343 | D:6      | Noticed a two-headed ogre
  5396 | D:6      | Found a blossoming altar of Fedhas.
  5498 | D:6      | Reached skill level 1 in Fire Magic
  5528 | D:6      | Reached skill level 7 in Summonings
  5605 | D:6      | Reached * piety under Sif Muna
  5613 | D:6      | Killed a two-headed ogre
  5614 | D:6      | Reached skill level 5 in Short Blades
  5614 | D:6      | Reached XP level 9. HP: 54/65 MP: 6/15
  5939 | D:7      | Found a snail-covered altar of Cheibriados.
  5964 | D:7      | Found an iron altar of Okawaru.
  6132 | D:7      | Found a flagged portal.
  6156 | Bailey   | Entered a bailey
  6205 | Bailey   | Reached skill level 5 in Dodging
  6368 | Bailey   | Reached skill level 1 in Air Magic
  6371 | Bailey   | Reached skill level 8 in Summonings
  6487 | Bailey   | Noticed a kobold demonologist
  6510 | Bailey   | Noticed a red devil
  6511 | Bailey   | Noticed a smoke demon
  6516 | Bailey   | Noticed an ice devil
  6518 | Bailey   | Killed a kobold demonologist
  6523 | Bailey   | HP: 3/65 [barbs]
  6541 | Bailey   | Reached ** piety under Sif Muna
  6714 | Bailey   | Noticed an orc knight
  6765 | Bailey   | Killed an orc knight
  6766 | Bailey   | Gained mutation: You are partially covered in slimy green
                  | scales. (AC +2) [demonic ancestry]
  6766 | Bailey   | Reached XP level 10. HP: 49/71 MP: 2/16
  7160 | Bailey   | Noticed an orc sorcerer
  7165 | Bailey   | Noticed a sun demon
  7180 | Bailey   | Mangled by a sun demon

Illustrated notes

Levels and vault maps discovered:
D:1:      minmay_arrival_up_and_down, layout_loops_ring
D:2:      layout_basic, uniq_natasha
D:3:      layout_basic
D:4:      layout_basic
D:5:      minmay_razor_zed, layout_gridville, minmay_temple_entry_junction,
          serial_bayou_pond_a, chequers_serial_rivers_micro_e,
          serial_bayou_lake_a, uniq_blork_the_orc
D:6:      layout_cave_pools, fedhas_altar_fruit_tree, chequers_jeans
D:7:      layout_rooms, lemuel_tele_altar, enter_bailey_3,
          david_defended_altar_orc
Temple:   nicolae_temple_elliptical
Bailey:   bailey_axe_of_yendor_kennysheep, bailey

Skill      XL: |  1  2  3  4  5  6  7  8  9 10 |
---------------+-------------------------------+-----
Fighting       | 1 2 3 4 |  4.0
Stealth        | 2 3 4 |  4.0
Spellcasting   | 3 4 |  4.0
Summonings     | 5 6 7 8 |  8.6
Short Blades   | 1 2 3 5 6 |  6.2
Dodging        | 2 4 5 6 |  6.0
Fire Magic     | 2 4 |  4.0
Air Magic      | 2 |  2.9

Action                     |  1- 3 |  4- 6 |  7- 9 | 10-12 || total
---------------------------+-------+-------+-------+-------++-------
  Melee: Short sword       |    84 |   108 |   225 |    28 ||   445
         Unarmed           |    13 |       |       |       ||    13
         Tailslap          |    12 |    20 |    35 |     5 ||    72
         Punch             |       |     1 |     1 |       ||     2
   Cast: Summon Small Mamm |    12 |       |       |       ||    12
         Call Imp          |    13 |    10 |    16 |     1 ||    40
         Call Canine Famil |     1 |    14 |    22 |       ||    37
         Summon Blazeheart |       |       |    14 |     7 ||    21
         Summon Lightning  |       |       |     9 |       ||     9
  Evoke: Wand              |       |     1 |     7 |    10 ||    18
    Use: Scroll            |       |     5 |     8 |       ||    13
         Potion            |       |       |    10 |       ||    10
   Stab: Distracted        |     1 |     1 |       |       ||     2
         Sleeping          |     1 |     4 |     5 |       ||    10
         Paralysed         |       |     9 |    30 |     2 ||    41
 Armour: Robe              |    36 |       |       |       ||    36
         Leather armour    |    33 |    64 |   169 |    12 ||   278
  Dodge: Dodged            |    59 |    58 |   120 |    24 ||   261

Table legend: (Time is in decaauts)
 A = Elapsed time spent in this place.
 B = Non-inter-level travel time spent in this place.
 C = Inter-level travel time spent in this place.
 D = Time resting spent in this place.
 E = Time spent auto-exploring this place.
 F = Levels seen in this place.
 G = Mean time per level.
                   A        B        C        D        E       F      G
               +--------+--------+--------+--------+--------+-----+--------+
         Total |   7139 |   6911 |    228 |    707 |   4415 |   9 |  793.2 |
       Dungeon |   6087 |   5890 |    197 |    277 |   4292 |   7 |  869.6 |
        Temple |     44 |     13 |     31 |      0 |      0 |   1 |   44.0 |
        Bailey |   1007 |   1007 |      0 |    430 |    123 |   1 | 1007.0 |
               +--------+--------+--------+--------+--------+-----+--------+

Top non-repeatable levels by time:
     D:5: 1412 daAuts
     D:1: 1182 daAuts
  Bailey: 1007 daAuts
     D:3: 869 daAuts
     D:2: 849 daAuts
     D:4: 828 daAuts
     D:6: 667 daAuts
     D:7: 277 daAuts
  Temple: 44 daAuts
